 Dungeon Crawl Stone Soup version 0.29.0-10-g45618ea6d2 (webtiles) character file.

Game seed: 3347306845313345788

352 pacmanke6689 the Chopper (level 6, 0/52 HPs)
             Began as a Draconian Fighter on Sept 1, 2022.
             Was an Initiate of the Shining One.
             Killed from afar by Ijyb (10 damage)
             ... with a puff of flame
             ... on level 4 of the Dungeon.
             The game lasted 00:09:22 (2981 turns).

pacmanke6689 the Chopper (Draconian Fighter)        Turns: 2981, Time: 00:09:22

Health: 0/52       AC:  6    Str: 18    XL:     6   Next: 35%
Magic:  6/6        EV: 12    Int:  8    God:    the Shining One [......]
Gold:   159        SH:  5    Dex: 13    Spells: 4/5 levels left

rFire   . . .      SeeInvis .   h - +1 war axe (venom)
rCold   . . .      Faith    .   b - +0 buckler
rNeg    . . .      Spirit   .   (body armour unavailable)
rPois   .          Reflect  .   (helmet restricted)
rElec   .          Harm     .   (no cloak)
rCorr   .          Rampage  .   (no gloves)
Will    .....                   (no boots)
Stlth   +.........              (no amulet)
HPRegen 0.17/turn               g - ring of flight
MPRegen 0.10/turn               (no ring)

@: flying, glowing
A: AC +6, unfitting armour, cold-blooded
a: Renounce Religion


You were on level 4 of the Dungeon.
You worshipped the Shining One.
The Shining One was noncommittal.
You visited 1 branch of the dungeon, and saw 4 of its levels.

You collected 159 gold pieces.

Inventory:

Hand Weapons
 a - a +0 war axe
 h - a +1 war axe of venom (weapon)
Armour
 b - a +0 buckler (worn)
Jewellery
 g - a ring of flight (left hand)
Scrolls
 d - 3 scrolls of noise
 f - a scroll of fear
 m - a scroll of fog
Potions
 c - 3 potions of might


   Skills:
 + Level 4.2 Fighting
 + Level 4.7 Axes
 + Level 3.9 Dodging
 + Level 0.5 Stealth
 + Level 3.7 Shields
 + Level 0.3 Spellcasting
 + Level 0.5 Necromancy


You had 4 spell levels left.
You knew the following spells:

 Your Spells              Type           Power      Damage    Failure   Level
a - Necrotise             Necr           4%         1d4       41%         1

Your spell library contained the following spells:

 Spells                   Type           Power      Damage    Failure   Level
 Ensorcelled Hibernation  Hex/Ice        0%         N/A       63%         2
 Vampiric Draining        Necr           1%         2d6       80%         3
 Ozocubu's Armour         Ice            0%         N/A       86%         3
 Spider Form              Tmut/Pois      0%         N/A       86%         3
 Anguish                  Hex/Necr       0%         N/A       99%         4
 Agony                    Necr           1%         N/A       100%        5
 Ozocubu's Refrigeration  Ice            0%         4d7       100%        7


Dungeon Overview and Level Annotations

Branches:
Dungeon (4/15)
 Temple: D:4-7

Altars:
Ashenzari
Elyvilon
Kikubaaqudgha
Sif Muna
The Shining One

Annotations:
D:4 3 runed translucent doors, Ijyb; greasedhog's ghost, novice GrFi


Innate Abilities, Weirdness & Mutations

Your plain brown scales are hard. (AC +6)
You cannot fit into any form of body armour.
You are cold-blooded and may be slowed by cold attacks.


Message History

2 goblins come into view.
The goblin shouts! x2
Ijyb the Twisted Goblin comes into view.
She is wielding a +1 dagger of speed and carrying a wand of flame (6).
The goblin unwields a +0 dagger.
The goblin wields a +0 sling.
The goblin shoots a sling bullet.
The sling bullet closely misses you.
There is a large open door here.
You closely miss the goblin. You block the goblin's attack.
You slash the goblin!
You kill the goblin!
The goblin shoots a sling bullet.
The sling bullet hits you but does no damage.
Ijyb zaps a wand.
The puff of flame hits you.
You see here a +0 dagger.
You barely miss Ijyb. You completely miss the goblin. You block Ijyb's attack.
The goblin unwields a +0 sling.
The goblin wields a +0 dagger.
The goblin hits you but does no damage.
Ijyb hits you with a +1 dagger of speed.
You barely miss Ijyb. You slash the goblin!
You kill the goblin!
Ijyb screams, "It's all mine!"
Ijyb hits you with a +1 dagger of speed.
Ijyb zaps a wand.
The puff of flame hits you!
You hit Ijyb.
Ijyb is lightly wounded.
Ijyb zaps a wand.
The puff of flame hits you!
You hit Ijyb.
Ijyb is moderately wounded.
You block Ijyb's attack. Ijyb hits you but does no damage.
You hit Ijyb.
Ijyb is poisoned.
You tail-slap Ijyb.
Ijyb is heavily wounded.
Ijyb hits you with a +1 dagger of speed.
Ijyb zaps a wand.
The puff of flame hits you!
You hit Ijyb but do no damage.
Ijyb looks as sick as possible!
Ijyb is heavily wounded.
Ijyb zaps a wand.
The puff of flame hits you!
* * * LOW HITPOINT WARNING * * *
You hit Ijyb.
Ijyb is heavily wounded.
Ijyb zaps a wand.
The puff of flame hits you!
You die...

#...#.....#
#...#.....#
##'##.....#
#.)........
#...........
#...#########
#...#.......#
#...'..)....+
#...'.@g....#
#############


You could see Ijyb (extremely poisoned).

Vanquished Creatures
  An ice beast (D:4)
  2 adders
  A worm (D:4)
  2 dart slugs
  2 orcs
  6 ball pythons
  4 bats
  7 endoplasms
  5 giant cockroaches
  10 goblins
  8 hobgoblins
  9 jackals
  11 kobolds
  2 quokkas
  5 frilled lizards
  3 rats
78 creatures vanquished.

Vanquished Creatures (collateral kills)
  Menkaure (D:4)
  A jelly (D:4)
2 creatures vanquished.

Vanquished Creatures (others)
  A plant (D:2)
1 creature vanquished.

Grand Total: 81 creatures vanquished

Notes
Turn   | Place    | Note
-------+----------+-------------------------------------------
     0 | D:1      | pacmanke6689 the Draconian Fighter began the quest for the
                  | Orb.
     0 | D:1      | Reached XP level 1. HP: 19/19 MP: 1/1
    67 | D:1      | Reached XP level 2. HP: 17/26 MP: 2/2
   732 | D:1      | Reached XP level 3. HP: 31/31 MP: 3/3
  1199 | D:2      | Learned a level 1 spell: Necrotise
  1333 | D:2      | Found an ancient bone altar of Kikubaaqudgha.
  1665 | D:2      | Reached XP level 4. HP: 40/40 MP: 4/4
  1929 | D:3      | Found a broken altar of Ashenzari.
  1930 | D:3      | Found a shimmering blue altar of Sif Muna.
  1972 | D:3      | Found a glowing golden altar of the Shining One.
  2057 | D:3      | Became a worshipper of the Shining One
  2094 | D:3      | Found a white marble altar of Elyvilon.
  2470 | D:4      | Noticed Menkaure
  2477 | D:4      | Killed Menkaure
  2478 | D:4      | Reached XP level 5. HP: 27/46 MP: 5/5
  2479 | D:4      | Noticed an ice beast
  2730 | D:4      | Killed an ice beast
  2731 | D:4      | Reached XP level 6. HP: 35/52 MP: 6/6
  2858 | D:4      | Noticed greasedhog's ghost (novice GrFi)
  2859 | D:4      | Found a runed translucent gate.
  2859 | D:4      | Found a runed translucent gate.
  2866 | D:4      | Found a runed translucent gate.
  2969 | D:4      | Noticed Ijyb
  2981 | D:4      | Killed from afar by Ijyb

Illustrated notes

Levels and vault maps discovered:
D:1:      enne_arrival_octagon_isle, layout_rooms
D:2:      layout_basic, basic_altar, shapermc_ecumenical_altar_mp_ritualfount
D:3:      layout_loops_ring, mainiacjoe_overflow_divided_tiny,
          mainiacjoe_overflow_cross_hatched, mainiacjoe_overflow_chevrons,
          roderic_filled_cross, minmay_unequal
D:4:      kennysheep_goblin_castle, layout_rooms, gammafunk_ghost_split,
          uniq_menkaure

Skill      XL: |  1  2  3  4  5 |
---------------+----------------+-----
Dodging        | 3 |  3.9
Axes           | 3 4 |  4.7
Fighting       | 4 |  4.2
Stealth        | |  0.5
Shields        | |  3.7
Spellcasting   | |  0.3
Necromancy     | |  0.5

Action                   |  1- 3 |  4- 6 || total
-------------------------+-------+-------++-------
Melee: War axe           |   126 |    72 ||   198
       Tailslap          |    12 |    10 ||    22
 Cast: Necrotise         |     5 |       ||     5
  Use: Scroll            |     1 |     4 ||     5
       Potion            |       |     2 ||     2
Armor: Skin              |    49 |    21 ||    70
Dodge: Dodged            |    90 |    39 ||   129
Block: Buckler           |    40 |    20 ||    60
